Match 45589133
Unlisted

Match 45589133
End
Kettenkrad Recon Vehicle
Selects Italian Coastal Battlegroup
Selects Coastal Reserves
Construct Infanterie Kompanie
Coastal Reserve
MG 42 Machine Gun Team
Coastal Reserve
Construct Luftwaffe Kompanie
Selects Artillery Officer
MG 42 Bunker
Medical Bunker
Support Elements
Wirbelwind Flakpanzer
221 Scout Car
Coastal Reserve
Selects Support Bunkers
MG 42 Bunker
MG 42 Bunker
GrW 34 Mortar Team
꽃이에옹
Dzwony Stefana
Oncle-Hô
✠ Eurocopter Tiger ✠
Hubert_Hart
[NVVM]F104gstarfighter
Toasty
Koijoy
0
0

Comments sign in to comment!

No comments posted yet!